 Dungeon Crawl Stone Soup version 0.28.0 (webtiles) character file.

Game seed: 7061724863770497186

8689 boopmooplesden the Carver (level 11, -3/100 HPs)
             Began as a Minotaur Fighter on Feb 17, 2022.
             Was a High Priest of Okawaru.
             Slain by an ettin (35 damage)
             ... on level 9 of the Dungeon.
             The game lasted 00:10:24 (9352 turns).

boopmooplesden the Carver (Minotaur Fighter)        Turns: 9352, Time: 00:10:25

Health: -3/100     AC: 18    Str: 29    XL:     11   Next: 13%
Magic:  8/10       EV: 12    Int:  5    God:    Okawaru [*****.]
Gold:   144        SH:  6    Dex: 12    Spells: 10/10 levels left

rFire   + + .      SeeInvis .   a - +5 scimitar
rCold   . . .      Faith    .   c - +0 buckler
rNeg    . . .      Spirit   .   y - +3 chain mail {rF+}
rPois   +          Reflect  .   (helmet restricted)
rElec   .          Harm     .   (no cloak)
rCorr   .          Rampage  .   e - +0 pair of gloves
Will    .....                   (no boots)
Stlth   ..........              (no amulet)
HPRegen 0.26/turn               g - ring of Tagic {rPois rF+}
MPRegen 0.12/turn               t - +6 ring of strength

@: heroic, marked
A: horns 2, retaliatory headbutt
a: Renounce Religion, Heroism, Finesse, Duel


You were on level 9 of the Dungeon.
You worshipped Okawaru.
Okawaru was extremely pleased with you.
You visited 1 branch of the dungeon, and saw 9 of its levels.

You collected 390 gold pieces.
You spent 246 gold pieces at shops.

Inventory:

Hand Weapons
 a - a +5 scimitar (weapon)
Missiles
 C - 4 boomerangs (quivered)
Armour
 b - a +0 scale mail
 c - a +0 buckler (worn)
 e - a +0 pair of gloves (worn)
 j - a +0 chain mail
 y - a +3 chain mail of fire resistance (worn)
Jewellery
 g - the ring of Tagic (left hand) {rPois rF+}
   (You acquired it on level 2 of the Dungeon)

   [ring of protection from fire]

   rF:        It protects you from fire.
   rPois:     It protects you from poison.
 k - a +6 ring of intelligence
 o - a ring of fire
 q - a ring of magical power
 t - a +6 ring of strength (right hand)
 H - an amulet of regeneration
Wands
 G - a wand of acid (6)
Scrolls
 m - a scroll of holy word
 r - 3 scrolls of teleportation
 v - 3 scrolls of identify
 w - 2 scrolls of silence
 x - 2 scrolls of fog
 B - a scroll of blinking
 E - a scroll of fear
Potions
 d - 4 potions of might
 f - 2 potions of lignification {unknown}
 h - 2 potions of haste
 i - 3 potions of brilliance
 l - 2 potions of resistance {unknown}
 n - 2 potions of heal wounds {unknown}
 p - 4 potions of degeneration {unknown}
 s - 2 potions of attraction {unknown}
 u - a potion of berserk rage {unknown}
 z - 2 potions of mutation {unknown}
 A - 3 potions of curing {unknown}
 F - a potion of ambrosia {unknown}


   Skills:
 + Level 10.2(15.2) Fighting
 + Level 13.6(18.6) Long Blades
 + Level 10.2(15.2) Armour
 + Level 4.6(9.6) Dodging
 + Level 2.0(7.0) Stealth
 + Level 6.3(11.3) Shields
 + Level 0.8 Invocations


You had 10 spell levels left.
You didn't know any spells.
Your spell library contained the following spells:

 Spells                   Type           Power      Damage    Failure   Level
 Sandblast                Erth           0%         2d4       91%         1
 Passwall                 Tmut/Erth      0%         N/A       97%         2
 Static Discharge         Conj/Air       0%         N/A       97%         2
 Conjure Flame            Conj/Fire      0%         6-21      99%         3
 Stone Arrow              Conj/Erth      0%         3d7       99%         3
 Lightning Bolt           Conj/Air       0%         1d11      100%        5
 Ignition                 Fire           0%         3d3       100%        8
 Maxwell's Capacitive Co  Air            0%         ∞         100%        8
 Shatter                  Erth           0%         3d5*      100%        9


Dungeon Overview and Level Annotations

Branches:
Dungeon (9/15)             Temple (0/1) D:4            Lair (0/6) D:8
    Orc: D:9-12

Altars:
Dithmenos
Hepliaklqana
Makhleb
Okawaru
Ru
Wu Jian
Yredelemnul
The Shining One

Shops:
D:4 ([((!   D:6 [   D:8 [


Innate Abilities, Weirdness & Mutations

You have a pair of horns on your head.
You reflexively headbutt those who attack you in melee.


Message History

Things that are here:
a +0 dire flail; a +0 giant spiked club; a two-headed ogre corpse You see here a scroll of noise.
Items here: )) [[.
Things that are here:
a +0 giant club; a +0 giant club A centaur simulacrum is nearby!
You gain the combat prowess of a mighty hero.
You slice the centaur simulacrum!!
The centaur simulacrum vaporises!
Okawaru accepts your kill.
Really walk into that cloud of freezing vapour? [Y]es or [N]o only, please.
Really walk into that cloud of freezing vapour? [Y]es or [N]o only, please.
Really walk into that cloud of freezing vapour?
Okay, then.
You start resting.
You feel like a meek peon again.
A sourceless malevolence fills the Dungeon...
With a horrendous wail, an alarm goes off!
A sentinel's mark forms upon you.
You hear two shouts!
You hear a shout!
You gain the combat prowess of a mighty hero.
The ettin closely misses you.
The ettin hits you with a +0 dire flail!!!
You hit the ettin but do no damage. You headbutt the ettin.
The ettin is lightly wounded.
The ettin completely misses you. The ettin barely misses you.
You hit the ettin.
The ettin is lightly wounded.
You slice the ettin!!
The ettin is heavily wounded.
The ettin misses you.
The ettin hits you with a +0 dire flail!!
You hit the ettin. Your headbutt misses the ettin.
The ettin is heavily wounded.
The ettin hits you with a +0 dire flail.
The ettin hits you with a +0 dire flail!!
You die...

..#≈≈≈.♣ ♣.............♣ ♣.♣♣ #..
..#♣♣.♣♣ ♣♣♣♣♣♣♣.♣♣♣♣♣♣♣ ♣♣.♣ #..
..##############.##############..
........#...............#..<.....
..#####.#.♣♣♣♣♣...♣♣♣♣♣.#....##.#
##### #<# ♣.♣.♣ #...>.#.#
#...###.#.♣♣♣♣♣...♣♣♣♣♣.#.....#.#
.....##.#........C......#.#..##.#
.†.#....########@########†......#
.######..................##..####
## #.....................##
#####################.# #.# .#


You could see an ettin.

Vanquished Creatures
  3 two-headed ogres
  An ugly thing (D:9)
  A troll (D:6)
  A hornet (D:9)
  Prince Ribbit (D:7)
  A wyvern (D:9)
  13 yaks
  A wraith (D:9)
  4 steam dragons
  An acid dragon (D:9)
  6 water moccasins
  Duvessa (D:7)
  2 ice beasts (D:5)
  A necrophage (D:8)
  3 black bears
  An ogre (D:6)
  A phantom (D:4)
  4 bullfrogs (D:8)
  2 scorpions (D:5)
  Dowan (D:7)
  A water moccasin skeleton (D:7)
  A howler monkey (D:7)
  7 wights
  3 centaur zombies
  A bullfrog zombie (D:7)
  A gnoll shaman (D:6)
  An orc priest (D:9)
  4 centaur skeletons
  A hound (D:2)
  2 jellies
  3 iguanas
  Natasha (thrice) (D:2)
  5 orc wizards
  A scorpion zombie (D:5)
  2 killer bee zombies
  A centaur simulacrum (D:9)
  A hound skeleton (D:4)
  2 howler monkey zombies (D:9)
  4 gnolls (D:6)
  5 adders
  A shadow imp (D:6)
  A white imp (D:5)
  An ufetubus (D:6)
  2 worms
  4 dart slugs
  9 orcs
  5 bats
  7 endoplasms
  3 giant cockroaches (D:1)
  3 hobgoblins
  10 kobolds
  3 quokkas
  8 ball pythons
  4 frilled lizards
  8 goblins
  3 rats
170 creatures vanquished.

Vanquished Creatures (others)
  16 fungi (D:8)
  12 plants
28 creatures vanquished.

Grand Total: 198 creatures vanquished

Notes
Turn   | Place    | Note
-------+----------+-------------------------------------------
     0 | D:1      | boopmooplesden the Minotaur Fighter began the quest for the
                  | Orb.
     0 | D:1      | Reached XP level 1. HP: 19/19 MP: 0/0
    96 | D:1      | Reached XP level 2. HP: 27/27 MP: 1/1
   503 | D:1      | Reached XP level 3. HP: 27/33 MP: 2/2
   588 | D:1      | Found a faded altar of an unknown god.
   966 | D:2      | Reached skill level 3 in Long Blades
   973 | D:2      | Noticed Natasha
   979 | D:2      | Killed Natasha
   980 | D:2      | Reached XP level 4. HP: 24/40 MP: 3/3
  1261 | D:2      | Noticed Natasha
  1268 | D:2      | Killed Natasha
  1269 | D:2      | Reached skill level 4 in Long Blades
  1386 | D:2      | Found an iron altar of Okawaru.
  1412 | D:2      | Became a worshipper of Warmaster Okawaru
  1575 | D:2      | Noticed Natasha
  1584 | D:2      | Killed Natasha
  1585 | D:2      | Reached skill level 1 in Dodging
  1585 | D:2      | Reached XP level 5. HP: 31/46 MP: 4/4
  1785 | D:2      | Identified a scroll of acquirement
  1785 | D:2      | Acquired the ring of Tagic {rPois rF+}
  1811 | D:3      | Reached skill level 5 in Armour
  2678 | D:4      | Found Zida's Weapon Emporium.
  2678 | D:4      | Found a glowing golden altar of the Shining One.
  2682 | D:4      | Found a burning altar of Makhleb.
  2683 | D:4      | Found an ornate altar of the Wu Jian Council.
  2684 | D:4      | Bought a +0 scimitar for 44 gold pieces
  2688 | D:4      | Found a basalt altar of Yredelemnul.
  2688 | D:4      | Found a sacrificial altar of Ru.
  2689 | D:4      | Found a hazy altar of Hepliaklqana.
  2701 | D:4      | Noticed a phantom
  2703 | D:4      | Found Vuaps's Distillery.
  2720 | D:4      | Killed a phantom
  2721 | D:4      | Reached XP level 6. HP: 45/53 MP: 5/5
  2841 | D:4      | Reached skill level 5 in Long Blades
  2852 | D:4      | Found Mithryddy's Weapon Emporium.
  2885 | D:4      | Noticed a water moccasin
  2892 | D:4      | Killed a water moccasin
  2892 | D:4      | Reached * piety under Okawaru
  2947 | D:4      | Found a staircase to the Ecumenical Temple.
  2974 | D:4      | Found Vuenkil's Weapon Shoppe.
  3129 | D:4      | Found Canapic's Armour Boutique.
  3210 | D:5      | Entered Level 5 of the Dungeon
  3210 | D:5      | Noticed an ice beast
  3216 | D:5      | Found a shadowy altar of Dithmenos.
  3224 | D:5      | Reached skill level 1 in Stealth
  3226 | D:5      | Reached XP level 7. HP: 44/60 MP: 6/6
  3234 | D:5      | Reached skill level 6 in Long Blades
  3460 | D:5      | Reached ** piety under Okawaru
  3632 | D:5      | Reached skill level 5 in Fighting
  3803 | D:5      | Reached skill level 7 in Long Blades
  3984 | D:5      | Got Jehi's Grimoire of Flamy Earth
  3988 | D:5      | Reached skill level 5 in Shields
  3988 | D:5      | Reached XP level 8. HP: 47/69 MP: 7/7
  4278 | D:6      | Reached skill level 8 in Long Blades
  4549 | D:6      | Found Moixonk's Antique Armour Boutique.
  4557 | D:6      | Bought a glowing chain mail for 202 gold pieces
  5188 | D:6      | Noticed a troll
  5195 | D:6      | Killed a troll
  5196 | D:6      | Reached skill level 9 in Long Blades
  5494 | D:7      | Found an iron altar of Okawaru.
  5570 | D:7      | Noticed Prince Ribbit
  5582 | D:7      | Killed Prince Ribbit
  5583 | D:7      | Reached XP level 9. HP: 68/78 MP: 8/8
  5793 | D:7      | Reached *** piety under Okawaru
  6008 | D:7      | Noticed Dowan
  6009 | D:7      | Noticed Duvessa
  6021 | D:7      | Killed Duvessa
  6022 | D:7      | Reached skill level 10 in Long Blades
  6024 | D:7      | Killed Dowan
  6447 | D:8      | Noticed a two-headed ogre
  6466 | D:8      | Killed a two-headed ogre
  6471 | D:8      | Reached **** piety under Okawaru
  6472 | D:8      | Reached skill level 11 in Long Blades
  6735 | D:8      | Found Tidat's Armour Shoppe.
  6769 | D:8      | Found a staircase to the Lair.
  6818 | D:8      | Reached XP level 10. HP: 53/90 MP: 9/9
  7220 | D:8      | Reached skill level 12 in Long Blades
  7453 | D:8      | Reached ***** piety under Okawaru
  7455 | D:8      | Received a gift from Okawaru
  8019 | D:9      | Noticed an ettin
  8298 | D:9      | Reached skill level 13 in Long Blades
  8495 | D:9      | Noticed a two-headed ogre
  8502 | D:9      | Killed a two-headed ogre
  8503 | D:9      | Reached skill level 10 in Fighting
  8508 | D:9      | Reached skill level 10 in Armour
  8518 | D:9      | Reached XP level 11. HP: 56/98 MP: 8/10
  8812 | D:9      | Noticed a green ugly thing
  8820 | D:9      | Killed a green ugly thing
  9179 | D:9      | Noticed a two-headed ogre
  9187 | D:9      | Killed a two-headed ogre
  9352 | D:9      | Slain by an ettin

Illustrated notes

Levels and vault maps discovered:
D:1:      dpeg_arrival_round_b, layout_basic, chequers_ecumenical_altar_island
D:2:      layout_loops_ring, basic_altar, minmay_misc_feat_iff, uniq_natasha
D:3:      layout_loops_ring, kennysheep_generic_room_3
D:4:      layout_cave_pools, grunt_temple_overflow_open,
          minmay_temple_entry_hall, serial_shops, nicolae_stop_n_shop_2,
          nicolae_stop_n_shop_1, nicolae_stop_n_shop_2, nicolae_shop_waterfront,
          shop_fountains
D:5:      layout_rooms, nicolae_dithmenos_shadow_blocks,
          kennysheep_generic_room_4
D:6:      layout_basic, serial_shops, nicolae_square_shop, minmay_liquid_box,
          minmay_parallelograms, hellmonk_bongcloud_opening,
          chequers_serial_rivers_small_b
D:7:      layout_loops_ring, mainiacjoe_overflow_six_doors_small,
          uniq_prince_ribbit1, uniq_duvessa
D:8:      layout_basic, due_lair_maze_entry_diamond, serial_shops,
          nicolae_shop_waterfront
D:9:      nzn_winding_woodlands_cross [nzn_winding_woodlands_5x15_concentric,
          nzn_winding_woodlands_5x15_cabin,
          nzn_winding_woodlands_5x15_lazy_stream,
          nzn_winding_woodlands_5x15_zeroes,
          nzn_winding_woodlands_15x15_boxy_spiral], layout_basic,
          minmay_orc_entry_temple_large, serial_curves, eino_curves_04,
          eino_curves_04, eino_curves_02

Skill      XL: |  1  2  3  4  5  6  7  8  9 10 |
---------------+-------------------------------+-----
Armour         | 4 5 6 7 8 10 | 10.2
Shields        | 4 5 6 |  6.3
Fighting       | 4 5 6 8 10 | 10.2
Long Blades    | 3 4 5 7 9 11 13 | 13.6
Dodging        | 1 2 3 4 |  4.6
Stealth        | 1 2 |  2.0
Invocations    | |  0.8

Action                   |  1- 3 |  4- 6 |  7- 9 | 10-12 || total
-------------------------+-------+-------+-------+-------++-------
Melee: Long sword        |    64 |    78 |       |       ||   142
       Headbutt          |     5 |    11 |    34 |    32 ||    82
       Scimitar          |       |    43 |   187 |   128 ||   358
Invok: Heroism           |       |       |     3 |     5 ||     8
  Use: Scroll            |       |    13 |     4 |     4 ||    21
Armor: Scale mail        |    21 |       |       |       ||    21
       Chain mail        |    21 |    67 |   122 |    39 ||   249
Dodge: Dodged            |    43 |    37 |    88 |    42 ||   210
Block: Buckler           |    21 |    28 |    36 |    18 ||   103
